 Seeded DCSS version 0.24.0 (webtiles) character file.

Game seed: 8745805509663551587, levelgen mode: deterministic

193 Auros the Poker (level 5, -2/41 HPs)
             Began as a Merfolk Fighter on Mar 31, 2020.
             Slain by an ogre
             ... wielding a +0 giant spiked club
              (18 damage)
             ... on level 3 of the Dungeon.
             The game lasted 00:07:06 (3653 turns).

Auros the Poker (Merfolk Fighter)                   Turns: 3653, Time: 00:07:07

Health: -2/41      AC:  6    Str: 17    XL:     5   Next: 72%
Magic:  5/5        EV:  7    Int:  7    God:
Gold:   92         SH:  9    Dex: 14    Spells: 4/4 levels left

rFire    . . .     SeeInvis .   a - +0 trident
rCold    . . .     Gourm    +   m - +0 shield
rNeg     . . .     Faith    .   b - +0 scale mail
rPois    .         Spirit   .   (no helmet)
rElec    .         Reflect  .   (no cloak)
rCorr    .         Harm     .   (no gloves)
MR       .....                  (no boots)
Stlth    ..........             h - amulet of the gourmand
HPRegen  0.13/turn              (no ring)
MPRegen  0.09/turn              (no ring)

@: no status effects
A: change form in water, swift swim, stealthy swim
a: no special abilities


You were on level 3 of the Dungeon.
You were very full.

You visited 1 branch of the dungeon, and saw 4 of its levels.

You collected 92 gold pieces.

Inventory:

Hand Weapons
 a - a +0 trident (weapon)
Missiles
 g - 6 boomerangs of dispersal (quivered)
 i - 21 bolts
 j - 49 arrows
 l - 7 boomerangs
 Z - 47 stones
Armour
 b - a +0 scale mail (worn)
 m - a +0 shield (worn)
Jewellery
 h - an amulet of the gourmand (around neck)
 q - an uncursed ring of see invisible {unknown}
Scrolls
 c - a scroll of remove curse
 n - 2 scrolls of teleportation {unknown}
 p - a scroll of enchant weapon
 r - a scroll of enchant armour {unknown}
Potions
 d - 2 potions of might
 e - 2 potions of haste {unknown}
 f - a potion of brilliance {unknown}
 k - a potion of flight
 o - a potion of degeneration {unknown}
 t - a potion of agility {unknown}
Comestibles
 z - 11 rations


   Skills:
 - Level 3.5 Fighting
 + Level 7.7 Polearms
 - Level 2.3 Armour
 - Level 3.2 Shields


You had 4 spell levels left.
You didn't know any spells.
Your spell library was empty.

Dungeon Overview and Level Annotations

Branches:
Dungeon (4/15)
 Temple: D:4-7

Altars:
Cheibriados
Ru
Vehumet
Yredelemnul


Message History

Your shield and scale mail prevent you from hitting the ogre.
The ogre is moderately wounded.
You block the ogre's attack.
You hit the ogre.
The ogre is moderately wounded.
The ogre closely misses you.
You puncture the ogre!
The ogre is severely wounded.
The ogre hits you with a +0 giant spiked club!
* * * LOW HITPOINT WARNING * * *
You puncture the ogre!
The ogre is almost dead.
You barely miss the ogre.
The ogre is almost dead.
The ogre hits you with a +0 giant spiked club.
* * * LOW HITPOINT WARNING * * *
You hit the ogre but do no damage.
The ogre is almost dead.
The ogre hits you with a +0 giant spiked club!!
You die...

#.........# #.# #.#
#.######..#######.##### #.# #.#
#..............# #.#
##.######...######.###.# #.#
#######......##...##
#.###.###.#
#........###.#.....#
#.........#
##.#####...........##
#####.#####
##.####...#######)## #.#
##.#......# #@# #.# ##.#.##...#
#O# #.# ##.......## ##'## #.#
####.##### ##...## ##.# #
#.#### ##.....## ##..# #.##.##
##.......## ##..##
####.#...####.........####...##
............'.........'.......#
###..#...####.........####...##


You could see an ogre.

Vanquished Creatures
  2 orc wizards (D:4)
  2 gnolls
  3 adders
  4 worms (D:2)
  5 dart slugs
  3 leopard geckos
  2 orcs
  7 bats
  3 giant cockroaches
  8 goblins
  8 hobgoblins
  2 jackals (D:3)
  A quokka (D:3)
  3 ball pythons
  4 frilled lizards
  3 kobolds
  9 rats
69 creatures vanquished.

Notes
Turn   | Place    | Note
-------+----------+-------------------------------------------
     0 | D:1      | Auros the Merfolk Fighter began the quest for the Orb.
     0 | D:1      | Reached XP level 1. HP: 18/18 MP: 1/1
    62 | D:1      | Reached XP level 2. HP: 22/24 MP: 2/2
   481 | D:1      | Reached XP level 3. HP: 27/29 MP: 3/3
   707 | D:1      | Reached skill level 4 in Polearms
  1227 | D:2      | Found a sacrificial altar of Ru.
  1444 | D:2      | Reached skill level 5 in Polearms
  1532 | D:2      | Reached XP level 4. HP: 34/35 MP: 4/4
  2183 | D:3      | Found a basalt altar of Yredelemnul.
  2286 | D:3      | Reached skill level 6 in Polearms
  2410 | D:3      | Found a snail-covered altar of Cheibriados.
  3036 | D:3      | Found a radiant altar of Vehumet.
  3038 | D:3      | Reached XP level 5. HP: 41/41 MP: 5/5
  3294 | D:4      | Reached skill level 7 in Polearms
  3418 | D:4      | Noticed an ogre
  3653 | D:3      | Slain by an ogre

Levels and vault maps discovered:
D:1:      scummos_arrival_checkerplants, layout_basic, minmay_split_cup_small
D:2:      layout_loops_cross, lemuel_crystal_altar, first_ration
D:3:      layout_loops_corners, kennysheep_slug_shrine, lemuel_round_altar,
          marbit_many_paths, grunt_decor_mini_mirrors
D:4:      layout_loops_ring, nicolae_overflow_crystal_walls, tgw_xom,
          kennysheep_crisscross
